 Dungeon Crawl Stone Soup version 0.22.1-2-g9c5b331383 (webtiles) character file.

134 Groucho the Sneak (level 4, -5/21 HPs)
             Began as a Spriggan Enchanter on Dec 19, 2018.
             Slain by an ogre
             ... wielding a +0 giant club
              (24 damage)
             ... on level 3 of the Dungeon.
             The game lasted 00:06:02 (6008 turns).

Groucho the Sneak (Spriggan Enchanter)              Turns: 6008, Time: 00:06:03

Health: -5/21      AC:  2    Str:  5    XL:     4   Next: 95%
Magic:  2/10       EV: 18    Int: 16    God:
Gold:   96         SH:  0    Dex: 16    Spells: 6/9 levels left

rFire    . . .     SeeInvis +   a - +2 dagger
rCold    . . .     Gourm    .   (shield restricted)
rNeg     . . .     Faith    .   b - +0 robe
rPois    .         Spirit   .   (helmet restricted)
rElec    .         Reflect  .   (no cloak)
rCorr    .         Harm     .   (gloves unavailable)
MR       .....                  (boots unavailable)
Stlth    ++++......             (no amulet)
HPRegen  0.07/turn              (no ring)
MPRegen  0.12/turn              (no ring)

@: very quick
A: very small, unfitting armour, see invisible, herbivore, speed 3, slow
metabolism 2
a: no special abilities


You were on level 3 of the Dungeon.
You were hungry.

You visited 1 branch of the dungeon, and saw 3 of its levels.

You collected 96 gold pieces.

Inventory:

Hand Weapons
 a - a +2 dagger (weapon)
Missiles
 c - 85 stones (quivered)
Armour
 b - a +0 robe (worn)
Scrolls
 d - a scroll of random uselessness {unknown}
 i - a scroll of enchant weapon
Potions
 e - a potion of curing {unknown}
 f - a potion of resistance {unknown}
 g - a potion of ambrosia
Comestibles
 h - 4 rations


   Skills:
 - Level 1.1 Short Blades
 - Level 3.0 Dodging
 * Level 7.7 Stealth
 + Level 3.4 Spellcasting
 + Level 4.3 Hexes


You had 6 spell levels left.
You knew the following spells:

 Your Spells              Type           Power        Failure   Level  Hunger
a - Corona                Hex            ###....      3%          1    None
b - Ensorcelled Hibernat  Hex/Ice        #.....       11%         2    ##.....

Your spell library contained the following spells:

 Spells                   Type           Power        Failure   Level  Hunger
 Confuse                  Hex            ###.....     9%          3    ###....
 Tukima's Dance           Hex            ###.....     9%          3    ###....
 Dazzling Spray           Conj/Hex       #.....       22%         3    ###....


Dungeon Overview and Level Annotations

Branches:
Dungeon (3/15)

Altars:
Yredelemnul


Innate Abilities, Weirdness & Mutations

You are very small and have problems with some larger weapons.
You are too small for most types of armour.
You have supernaturally acute eyesight. (SInv)
You are a herbivore.
You cover ground extremely quickly.
You need to consume almost no food.


Message History

Casting: Ensorcelled Hibernation (safe; 11% risk of failure)
Confirm with . or Enter, or press ? or * to list all spells.
Aiming: Ensorcelled Hibernation (safe; 11% risk of failure)
Press: ? - help, Shift-Dir - straight line, f - rat
Aim: a rat (chance to defeat MR: 58%)
The rat looks drowsy...
The helpless rat fails to defend itself.
You impale the rat!!
You kill the rat!
A frilled lizard comes into view.
Casting: Ensorcelled Hibernation (safe; 11% risk of failure)
Confirm with . or Enter, or press ? or * to list all spells.
Aiming: Ensorcelled Hibernation (safe; 11% risk of failure)
Press: ? - help, Shift-Dir - straight line, f - ogre
Aim: an ogre, wielding a giant club (chance to defeat MR: 40%)
The ogre resists with some effort.
The frilled lizard hisses angrily.
The ogre hits you with a giant club!!
Ouch! That really hurt!
You die...

#........###.###...#.#
##.##.###.##....... #
#.........###...###
#.##.###.##### ##.##
#....######## #.#
####.#≈≈≈≈≈≈≈ #.#
#.#≈...... ##'##
#)#≈%.# ##...## #.@..#
+.....## #.'O.#
+.>....# #.#≈..#
#....... ..#≈.!..
#....... ##.#≈≈≈≈≈≈≈
#....... ##########
#....... .......#.
###...##. ##+# #.


You could see an ogre.

Vanquished Creatures
  Jessica (D:3)
  4 adders
  An ooze (D:2)
  2 worms (D:2)
  2 leopard geckos (D:1)
  2 ball pythons (D:2)
  3 giant cockroaches (D:1)
  2 gnoll zombies (D:2)
  7 goblins
  6 hobgoblins
  4 jackals (D:1)
  10 kobolds
  6 bats
  A frilled lizard (D:2)
  A leopard gecko skeleton (D:2)
  10 rats
62 creatures vanquished.

Notes
Turn   | Place    | Note
-------+----------+-------------------------------------------
     0 | D:1      | Groucho the Spriggan Enchanter began the quest for the Orb.
     0 | D:1      | Reached XP level 1. HP: 9/9 MP: 5/5
   158 | D:1      | Reached skill level 5 in Stealth
  1779 | D:1      | Reached XP level 2. HP: 13/13 MP: 6/6
  2793 | D:1      | Learned a level 2 spell: Ensorcelled Hibernation
  2961 | D:1      | Reached skill level 6 in Stealth
  3339 | D:1      | Reached XP level 3. HP: 16/16 MP: 8/8
  5512 | D:2      | Reached skill level 7 in Stealth
  5578 | D:2      | Reached XP level 4. HP: 19/21 MP: 9/9
  5729 | D:2      | Found a basalt altar of Yredelemnul.
  5990 | D:3      | Noticed Jessica
  5996 | D:3      | Killed Jessica
  6003 | D:3      | Noticed an ogre
  6008 | D:3      | Slain by an ogre

Skill      XL: |  1  2  3 |
---------------+----------+-----
Stealth        | 5 6 7 |  7.7
Spellcasting   | 3 |  3.4
Hexes          | 4 |  4.3
Short Blades   | |  1.1
Dodging        | |  3.0

Action                   |  1- 3 |  4- 6 || total
-------------------------+-------+-------++-------
Melee: Dagger            |   161 |    15 ||   176
 Cast: Ensorcelled Hiber |    24 |     6 ||    30
  Use: Scroll            |     2 |       ||     2
       Potion            |     1 |       ||     1
 Stab: Sleeping          |    29 |    13 ||    42
  Eat: Ration            |     2 |       ||     2
Armor: Robe              |    16 |       ||    16
Dodge: Dodged            |   128 |     6 ||   134
